 Dungeon Crawl Stone Soup version 0.21.1-1-g345015f (webtiles) character file.

77 Supahsalami the Chopper (level 4, -2/40 HPs)
             Began as a Deep Dwarf Fighter on June 18, 2018.
             Slain by a killer bee (3 damage)
             ... on level 2 of the Dungeon.
             The game lasted 00:03:37 (656 turns).

Supahsalami the Chopper (Deep Dwarf Fighter)         Turns: 656, Time: 00:03:38

Health: -2/40      AC:  6    Str: 20    XL:     4   Next: 14%
Magic:  4/4        EV:  7    Int:  9    God:
Gold:   92         SH:  9    Dex: 12    Spells: 3/3 levels left

rFire    . . .     SeeInvis .   a - +0 war axe
rCold    . . .     Gourm    .   c - +0 shield
rNeg     . . .     Faith    .   b - +0 scale mail
rPois    .         Spirit   .   (no helmet)
rElec    .         Reflect  .   (no cloak)
rCorr    .         Harm     .   (no gloves)
MR       .....                  (no boots)
Stlth    ..........             (no amulet)
HPRegen  0.00/turn              (no ring)
MPRegen  0.09/turn              (no ring)

@: lethally poisoned (-2 -> -6), non-regenerating
A: damage resistance, heal wounds, sense surroundings 1, no regeneration
a: Heal Wounds


You were on level 2 of the Dungeon.
You were not hungry.

You visited 1 branch of the dungeon, and saw 3 of its levels.

You collected 92 gold pieces.

Inventory:

Hand Weapons
 a - a +0 war axe (weapon)
Missiles
 k - 42 stones
 l - 5 tomahawks (quivered)
Armour
 b - a +0 scale mail (worn)
 c - a +0 shield (worn)
Scrolls
 h - a scroll of teleportation {unknown}
 i - a scroll of identify {unknown}
 j - a scroll of fear {unknown}
 m - a scroll of immolation {unknown}
 n - a scroll of remove curse {unknown}
Potions
 d - a potion of might
 e - a potion of mutation {unknown}
 o - 2 potions of curing {unknown}
Comestibles
 f - 7 rations
 g - 7 chunks of flesh


   Skills:
 + Level 2.9 Fighting
 * Level 4.1 Axes
 + Level 3.5 Armour
 + Level 0.1 Dodging
 + Level 0.3 Stealth
 + Level 3.6 Shields


You had 3 spell levels left.
You didn't know any spells.

Dungeon Overview and Level Annotations

Branches:
Dungeon (3/15)

Altars:


Innate Abilities, Weirdness & Mutations

You are resistant to damage.
You can heal yourself by infusing magical energy.
You passively map a small area around you.
You do not regenerate.


Message History

You feel sick. You block the bat's attack. You block the killer bee's attack.
The killer bee stings you but does no damage.
The killer bee barely misses you. The killer bee stings you.
* * * LOW HITPOINT WARNING * * *
The killer bee barely misses you. The killer bee closely misses you.
You climb upwards.
You feel very sick.
There is a stone staircase leading down here.
You fail to use your ability.
You feel sick. You block the killer bee's attack. The killer bee stings you.
* * * LOW HITPOINT WARNING * * *
You are lethally poisoned!
The killer bee poisons you! The killer bee stings you.
The killer bee stings you but does no damage.
You miss the killer bee. You barely miss the killer bee.
* * * LOW HITPOINT WARNING * * *
You feel very sick. The killer bee barely misses you.
You block the killer bee's attack. The killer bee stings you.
You die...

#..##########.#
###..##.........##
#................,,+
#.#..##.##....# *
#.#)..# #....# *
#.#...#,##....######
#.#...#.##....#.[..#
#.#yy..............##
#.##@#..##...........
#.##.#..##...........
#.##.#..##...........
#.##.#..##...........
#....#..##...........
#....#..######.#.####
#.#.<#..# #.#.....
#.####..# #.######
#.......######.# #


You could see 2 killer bees.

Vanquished Creatures
  A bullfrog skeleton (D:2)
  A gnoll (D:1)
  An adder (D:2)
  A ball python (D:1)
  A bat (D:2)
  A giant cockroach (D:1)
  2 goblins (D:1)
  5 hobgoblins (D:1)
  4 jackals (D:2)
  3 kobolds (D:1)
  2 frilled lizards (D:1)
  10 rats
32 creatures vanquished.

Notes
Turn   | Place    | Note
-------+----------+-------------------------------------------
     0 | D:1      | Supahsalami the Deep Dwarf Fighter began the quest for the Orb.
     0 | D:1      | Reached XP level 1. HP: 20/20 MP: 1/1
   154 | D:1      | Reached XP level 2. HP: 27/27 MP: 2/2
   299 | D:1      | Reached skill level 3 in Axes
   299 | D:1      | Reached XP level 3. HP: 31/33 MP: 3/3
   577 | D:2      | Reached skill level 4 in Axes
   577 | D:2      | Reached XP level 4. HP: 26/40 MP: 4/4
   656 | D:2      | HP: 1/40 [poisoned by a killer bee]
   656 | D:2      | Slain by a killer bee

Skill      XL: |  1  2  3 |
---------------+----------+-----
Axes           | 3 4 |  4.1
Fighting       | |  2.9
Armour         | |  3.5
Dodging        | |  0.1
Stealth        | |  0.3
Shields        | |  3.6

Action                   |  1- 3 |  4- 6 || total
-------------------------+-------+-------++-------
Melee: War axe           |    84 |     1 ||    85
Throw: Stone             |     3 |       ||     3
 Abil: Heal Wounds       |       |     1 ||     1
Armor: Scale mail        |    40 |     7 ||    47
Dodge: Dodged            |    26 |    10 ||    36
Block: Shield            |    57 |    10 ||    67
